 Dungeon Crawl Stone Soup version 0.24.0-10-g970556be89 (console) character file.

Game seed: 10772506334730548583, levelgen mode: deterministic

445 AlterAsc the Magician (level 6, -4/32 HPs)
             Began as a Deep Elf Ice Elementalist on Nov 3, 2019.
             Shot with an arrow by a centaur (10 damage)
             ... on level 5 of the Dungeon.
             The game lasted 00:15:01 (4550 turns).

AlterAsc the Magician (Deep Elf Ice Elementalist)   Turns: 4550, Time: 00:15:02

Health: -4/32      AC:  3    Str:  5    XL:     6   Next: 72%
Magic:  16/16      EV: 18    Int: 22    God:
Gold:   168        SH:  0    Dex: 15    Spells: 10/16 levels left

rFire    . . .     SeeInvis .   l - +0 short sword
rCold    . . .     Gourm    .   (no shield)
rNeg     . . .     Faith    .   a - +0 robe
rPois    .         Spirit   .   (no helmet)
rElec    .         Reflect  .   (no cloak)
rCorr    .         Harm     .   (no gloves)
MR       .....                  p - +0 pair of boots
Stlth    ++........             (no amulet)
HPRegen  0.10/turn              m - +5 ring of evasion
MPRegen  0.15/turn              (no ring)

@: no status effects
A: no striking features
a: no special abilities


You were on level 5 of the Dungeon.
You were not hungry.

You visited 1 branch of the dungeon, and saw 5 of its levels.

You collected 168 gold pieces.

Inventory:

Hand Weapons
 l - a +0 short sword (weapon)
 x - a +2 rapier of venom
Missiles
 d - 8 javelins (quivered)
 t - a throwing net
Armour
 a - a +0 robe (worn)
 p - a +0 pair of boots (worn)
Jewellery
 m - a +5 ring of evasion (left hand)
Wands
 q - a wand of digging (6)
 u - a wand of disintegration (6)
 w - a wand of flame (15)
Scrolls
 b - 2 scrolls of remove curse {unknown}
 e - 4 scrolls of blinking
 g - 2 scrolls of immolation
 h - 4 scrolls of teleportation
 i - 2 scrolls of enchant weapon {unknown}
 n - a scroll of amnesia {unknown}
 o - a scroll of enchant armour {unknown}
 s - 2 scrolls of identify
 v - a scroll of holy word {unknown}
Potions
 f - a potion of lignification {unknown}
 j - 4 potions of heal wounds {unknown}
 k - 3 potions of curing
 r - a potion of ambrosia {unknown}
Comestibles
 c - 7 rations


   Skills:
 - Level 2.7 Dodging
 - Level 2.8 Stealth
 + Level 5.8 Spellcasting
 * Level 3.9 Conjurations
 + Level 1.4 Necromancy
 * Level 5.6 Ice Magic


You had 10 spell levels left.
You knew the following spells:

 Your Spells              Type           Power        Failure   Level  Hunger
a - Freeze                Ice            ####         1%          1    None
b - Throw Icicle          Conj/Ice       ####....     13%         4    ####...
c - Animate Skeleton      Necr           N/A          5%          1    None

Your spell library contained the following spells:

 Spells                   Type           Power        Failure   Level  Hunger
 Throw Frost              Conj/Ice       ####..       1%          2    None
 Ozocubu's Armour         Chrm/Ice       ###.....     9%          3    ##.....
 Apportation              Tloc           #.....       10%         1    None
 Confusing Touch          Hex            #.....       10%         1    None
 Summon Small Mammal      Summ           #...         10%         1    None
 Summon Ice Beast         Ice/Summ       ###.....     28%         4    ####...


Dungeon Overview and Level Annotations

Branches:
Dungeon (5/15)
 Temple: D:4-7

Altars:
Ashenzari
Cheibriados
Fedhas
Gozag
Makhleb
Okawaru
The Shining One


Message History

Something hits the bush but does no damage.
Something hits the bush but does no damage.
Something hits the bush but does no damage.
Something hits the bush but does no damage. x2
Something hits the bush but does no damage.
Something hits the bush but does no damage. x2
Something hits the bush.
Something hits the bush but does no damage.
The centaur wields a +0 shortbow.
The centaur shoots an arrow.
The arrow misses you.
You see here an arrow.
The centaur shoots an arrow.
The arrow hits you!
You see here an arrow.
The centaur shoots an arrow.
The arrow misses you.
You see here an arrow.
The centaur shoots an arrow.
The arrow hits you!
* * * LOW HITPOINT WARNING * * *
Found 13 stones.
The centaur shoots an arrow.
The arrow hits you!
You die...

#... #.## (..
#.... #.## ...
####+ #.....#.##
... #...#
......#.#
#.###... ....
#.#
#.....PPP.P..
#.# #.....PcP.P.
#.##
#...#.PP_PP#
#...
#...@ZPPPP.#
#...
#####(.PP..#
#... #.(....####
#.##
##.#####...#+#.#
#.# #.......#
#.# #.......#
#.# #.......#
#.# #.......##
#.# #.....#...


You could see a centaur and a friendly frilled lizard skeleton.

Vanquished Creatures
  An ogre (D:5)
  2 scorpions (D:4)
  A crimson imp (D:3)
  A bullfrog zombie (D:5)
  A worker ant (D:5)
  5 adders
  3 gnolls (D:3)
  An ooze (D:3)
  2 worms
  3 dart slugs
  2 leopard geckos
  10 orcs
  A ball python (D:1)
  5 bats
  3 giant cockroaches
  7 goblins
  10 hobgoblins
  9 kobolds
  4 quokkas
  6 frilled lizards
  5 rats
82 creatures vanquished.

Vanquished Creatures (collateral kills)
  A worm (D:5)
  A frilled lizard (D:5)
2 creatures vanquished.

Grand Total: 84 creatures vanquished

Notes
Turn   | Place    | Note
-------+----------+-------------------------------------------
     0 | D:1      | AlterAsc the Deep Elf Ice Elementalist began the quest for
                  | the Orb.
     0 | D:1      | Reached XP level 1. HP: 10/10 MP: 6/6
   261 | D:1      | Reached XP level 2. HP: 8/15 MP: 4/8
  1060 | D:2      | Reached XP level 3. HP: 13/19 MP: 7/10
  1073 | D:2      | Found a shattered altar of Ashenzari.
  1165 | D:2      | Found a glowing golden altar of the Shining One.
  1388 | D:2      | Found an iron altar of Okawaru.
  1772 | D:3      | Reached XP level 4. HP: 24/24 MP: 10/12
  1785 | D:3      | Learned a level 4 spell: Throw Icicle
  2012 | D:3      | Found an opulent altar of Gozag.
  2373 | D:3      | Reached skill level 5 in Spellcasting
  2477 | D:3      | Reached XP level 5. HP: 27/28 MP: 11/14
  2679 | D:3      | Found a burning altar of Makhleb.
  2925 | D:4      | Found a snail-covered altar of Cheibriados.
  3115 | D:4      | Reached skill level 5 in Ice Magic
  3121 | D:4      | Learned a level 1 spell: Animate Skeleton
  3590 | D:4      | Reached XP level 6. HP: 19/32 MP: 11/16
  3949 | D:5      | Entered Level 5 of the Dungeon
  4018 | D:5      | Reached skill level 1 in Necromancy
  4529 | D:5      | Found a blossoming altar of Fedhas.
  4550 | D:5      | Shot with an arrow by a centaur

Levels and vault maps discovered:
D:1:      sevenhm_arrival_forest_fort_small_4, layout_loops_ring, serial_glass,
          glass_columns_b, glass_columns_a, glass_columns_b
D:2:      layout_basic, okawaru_metal_pillars_3, ashenzari_conservatory_becter,
          nicolae_tso_carved_into_rock
D:3:      layout_loops_ring, makhleb_grotto_becter, grunt_gozag_statues
D:4:      layout_loops_ring, kennysheep_slug_shrine
D:5:      layout_basic, fedhas_bush_and_centaur_altar, first_ration

Skill      XL: |  1  2  3  4  5  6 |
---------------+-------------------+-----
Spellcasting   | 4 5 |  5.8
Ice Magic      | 4 5 |  5.6
Conjurations   | 2 3 |  3.9
Necromancy     | 1 |  1.4
Dodging        | |  2.7
Stealth        | |  2.8

Action                   |  1- 3 |  4- 6 || total
-------------------------+-------+-------++-------
Melee: Unarmed           |       |     1 ||     1
       Short sword       |       |     1 ||     1
 Cast: Freeze            |    65 |    82 ||   147
       Throw Icicle      |       |     7 ||     7
       Animate Skeleton  |       |     3 ||     3
  Use: Scroll            |       |     4 ||     4
  Eat: Chunk             |     2 |    10 ||    12
Armor: Robe              |     6 |     1 ||     7
Dodge: Dodged            |    23 |    47 ||    70
